 Dungeon Crawl Stone Soup version 0.23.1-42-g8abd8fc (console) character file.

Game seed: 10854935169498954077

1317 jt the Carver (level 8, -2/72 HPs)
             Began as an Octopode Fighter on Mar 30, 2019.
             Was a Believer of Makhleb.
             Slain by a sky beast (6 damage)
             ... on level 7 of the Dungeon.
             The game lasted 00:15:01 (6788 turns).

jt the Carver (Octopode Fighter)                    Turns: 6788, Time: 00:15:02

Health: -2/72      AC:  1    Str: 22    XL:     8   Next: 59%
Magic:  8/8        EV:  9    Int: 10    God:    Makhleb [**....]
Gold:   379        SH: 13    Dex: 12    Spells: 3/7 levels left

rFire    . . .     SeeInvis .   a - +1 long sword
rCold    + . .     Gourm    .   b - +3 shield
rNeg     . . .     Faith    .   (helmet restricted)
rPois    .         Spirit   .   (no amulet)
rElec    .         Reflect  .   q - ring of protection from cold
rCorr    .         Harm     .   o - -3 ring of evasion (curse)
MR       .....                  (no ring)
Stlth    ..........             (no ring)
HPRegen  0.22/turn              (no ring)
MPRegen  0.11/turn              (no ring)
                                (no ring)
                                (no ring)

@: berserking, lethally poisoned (-2 -> -5), very quick
A: almost no armour, stealthy swim, amphibious, 8 rings, constrict 8, camouflage
1, frail 1, gelatinous body 1, MP-powered wands
a: Minor Destruction, Renounce Religion


You were on level 7 of the Dungeon.
You worshipped Makhleb.
Makhleb was pleased with you.
You were not hungry.

You visited 2 branches of the dungeon, and saw 8 of its levels.
You also visited: Ossuary.

You collected 379 gold pieces.

Inventory:

Hand Weapons
 a - a +1 long sword (weapon)
 j - a +2 short sword of freezing
 m - a +0 hunting sling
Missiles
 f - 10 poisoned needles
 h - 108 stones (quivered)
 i - 65 sling bullets
 n - 5 tomahawks of dispersal
 x - 60 arrows
 A - 18 bolts
Armour
 b - a +3 shield (worn)
Jewellery
 o - a cursed -3 ring of evasion (right tentacle)
 q - a ring of protection from cold (left tentacle)
Wands
 v - a wand of flame (9)
 y - a wand of random effects (8)
Scrolls
 c - 3 scrolls of immolation
 e - 2 scrolls of enchant weapon
 k - 2 scrolls of remove curse
 p - 5 scrolls of identify
 r - a scroll of fear
 t - a scroll of teleportation
 u - a scroll of amnesia
Potions
 l - 2 potions of flight
 s - 3 potions of magic
 w - a potion of haste
 z - a potion of might
Comestibles
 d - 11 rations


   Skills:
 + Level 3.9 Fighting
 * Level 8.2 Long Blades
 - Level 1.5 Throwing
 - Level 3.0 Dodging
 + Level 6.3 Shields


You had 3 spell levels left.
You knew the following spells:

 Your Spells              Type           Power        Failure   Level  Hunger
a - Summon Small Mammal   Summ           #...         75%         1    ##.....
b - Call Imp              Summ           #.......     87%         2    ###....
c - Animate Skeleton      Necr           N/A          75%         1    ##.....

Your spell library contained the following spells:

 Spells                   Type           Power        Failure   Level  Hunger
 Apportation              Tloc           #.....       75%         1    ##.....
 Confusing Touch          Hex            #.....       75%         1    ##.....
 Call Canine Familiar     Summ           #.......     98%         3    ####...
 Summon Guardian Golem    Hex/Summ       #.......     98%         3    ####...
 Summon Ice Beast         Ice/Summ       #.......     100%        4    #####..
 Summon Lightning Spire   Summ/Air       #.......     100%        4    #####..


Dungeon Overview and Level Annotations

Branches:
Dungeon (7/15)             Temple (1/1) D:6

Altars:
Cheibriados
Makhleb
Ru
Xom


Innate Abilities, Weirdness & Mutations

You cannot wear most types of armour.
You are very stealthy in the water. (Stealth+)
You are amphibious.
You can wear up to eight rings at the same time.
You can use your tentacles to constrict eight enemies at once.
Your skin changes colour to match your surroundings (Stealth+).
Your rubbery body absorbs attacks. (AC +1, EV +1)
You are frail. (-10% HP)
You expend magic power (3 MP) to strengthen your wands.


Message History

You hit something. Something hits you. Something shocks you.
You closely miss something. You squeeze something.
You block the killer bee's attack. x2; Something hits you.
Something shocks you. The killer bee stings you.
Press: ? - help, v - describe, . - travel
Here: a killer bee The floor.
A red film seems to cover your vision as you go berserk!
You feel yourself moving faster!
You feel mighty! You block the killer bee's attack. Something hits you.
Something shocks you. The killer bee stings you.
* * * LOW HITPOINT WARNING * * *
You are poisoned.
The killer bee poisons you!
You closely miss something.
You feel sick. The killer bee stings you!
* * * LOW HITPOINT WARNING * * *
Something hits you.
* * * LOW HITPOINT WARNING * * *
Something shocks you.
You die...

## #......S. ##
#%.....<# ..
##.....## .#
##...# .. #..#.
#. #. # ..####. #
.......##########
..(....y@{.......
..###############


You could see a killer bee.

Vanquished Creatures
  Prince Ribbit (D:5)
  A phantom (D:4)
  An ogre (D:5)
  A centaur (D:3)
  2 water moccasin zombies (Ossuary)
  A scorpion (D:6)
  A killer bee (D:6)
  2 howler monkeys
  A crimson imp (D:5)
  A bullfrog skeleton (D:4)
  2 orc priests (D:6)
  A hound (D:4)
  Jessica (D:3)
  2 iguanas
  2 worker ants (D:4)
  A big kobold zombie (Ossuary)
  3 mummies
  5 adders
  7 gnolls
  A shadow imp (D:6)
  3 oozes
  4 adder zombies (Ossuary)
  4 worms
  2 dart slugs (D:3)
  2 leopard geckos
  3 orcs
  2 ball pythons
  5 giant cockroaches
  6 hobgoblins
  9 jackals
  8 kobolds
  3 quokkas
  6 bats
  7 frilled lizards
  7 goblins
  A hobgoblin zombie (Ossuary)
  5 kobold zombies (Ossuary)
  2 leopard gecko skeletons (D:4)
  9 orc zombies (Ossuary)
  12 rats
137 creatures vanquished.

Notes
Turn   | Place    | Note
-------+----------+-------------------------------------------
     0 | D:1      | jt the Octopode Fighter began the quest for the Orb.
     0 | D:1      | Reached XP level 1. HP: 16/16 MP: 1/1
   119 | D:1      | Reached XP level 2. HP: 19/21 MP: 2/2
   672 | D:1      | Reached skill level 3 in Long Blades
  1053 | D:2      | Reached XP level 3. HP: 26/26 MP: 3/3
  1187 | D:2      | Found a snail-covered altar of Cheibriados.
  1187 | D:2      | Found a shimmering altar of Xom.
  1188 | D:2      | Found a sacrificial altar of Ru.
  1196 | D:2      | Became a worshipper of Ru the Awakened
  1411 | D:2      | Found a burning altar of Makhleb.
  1413 | D:2      | Noticed a green death
  1425 | D:2      | Noticed a smoke demon
  1425 | D:2      | Noticed a smoke demon
  1427 | D:2      | Fell from the grace of Ru
  1427 | D:2      | Became a worshipper of Makhleb the Destroyer
  1450 | D:2      | Reached XP level 4. HP: 23/31 MP: 4/4
  2001 | D:2      | Reached skill level 4 in Long Blades
  2403 | D:3      | Noticed a centaur
  2414 | D:3      | Killed a centaur
  2414 | D:3      | Reached skill level 1 in Throwing
  2414 | D:3      | Reached XP level 5. HP: 30/36 MP: 5/5
  2910 | D:3      | Reached XP level 6. HP: 42/42 MP: 6/6
  3011 | D:3      | Noticed Jessica
  3031 | D:3      | Killed Jessica
  3031 | D:3      | Reached skill level 5 in Long Blades
  3349 | D:4      | Reached * piety under Makhleb
  3353 | D:4      | HP: 2/42 [worker ant (7)]
  3636 | D:4      | Noticed a phantom
  3659 | D:4      | Killed a phantom
  3659 | D:4      | Reached XP level 7. HP: 39/46 MP: 7/7
  3704 | D:4      | Reached skill level 6 in Long Blades
  4051 | D:4      | Reached skill level 5 in Shields
  4401 | D:5      | Entered Level 5 of the Dungeon
  4532 | D:5      | Noticed Prince Ribbit
  4552 | D:5      | HP: 2/46 [something (2)]
  4553 | D:5      | Killed Prince Ribbit
  4553 | D:5      | Reached skill level 7 in Long Blades
  4852 | D:4      | Gained mutation: You are frail. (-10% HP) [potion of
                  | mutation]
  4852 | D:4      | Gained mutation: You expend magic power (3 MP) to
                  | strengthen your wands. [potion of mutation]
  5120 | D:5      | Reached XP level 8. HP: 32/46 MP: 8/8
  5607 | D:6      | Found a sand-covered staircase.
  5616 | Ossuary  | Entered an ossuary
  5675 | Ossuary  | Reached ** piety under Makhleb
  5989 | D:6      | Learned a level 1 spell: Summon Small Mammal
  5992 | D:6      | Learned a level 2 spell: Call Imp
  6013 | D:6      | Found a staircase to the Ecumenical Temple.
  6022 | Temple   | Entered the Ecumenical Temple
  6168 | D:6      | Reached skill level 8 in Long Blades
  6603 | D:6      | Learned a level 1 spell: Animate Skeleton
  6788 | D:7      | Slain by a sky beast

Skill      XL: |  1  2  3  4  5  6  7  8 |
---------------+-------------------------+-----
Long Blades    | 3 4 5 7 8 |  8.2
Throwing       | 1 |  1.5
Shields        | 4 5 6 |  6.3
Fighting       | |  3.9
Dodging        | |  3.0

Action                   |  1- 3 |  4- 6 |  7- 9 || total
-------------------------+-------+-------+-------++-------
Melee: Long sword        |    74 |   113 |   110 ||   297
       Constrict         |    17 |    32 |    33 ||    82
       Tentacles         |    16 |    29 |    35 ||    80
Throw: Tomahawk          |       |     1 |       ||     1
       Stone             |       |       |     6 ||     6
Invok: Minor Destruction |       |       |     3 ||     3
Evoke: Wand              |       |       |    11 ||    11
  Use: Potion            |     2 |     5 |     9 ||    16
       Scroll            |       |     3 |    10 ||    13
 Stab: Sleeping          |     3 |     8 |     4 ||    15
  Eat: Chunk             |     2 |     7 |     3 ||    12
       Ration            |       |       |     2 ||     2
Armor: Skin              |     6 |     6 |     1 ||    13
Dodge: Dodged            |    26 |    38 |    30 ||    94
Block: Shield            |    33 |    65 |    62 ||   160
       Rpst.: Long sword |     5 |     9 |    13 ||    27
